 Dungeon Crawl Stone Soup version 0.19-a0 (webtiles) character file.

40 warlockg3 the Firebug (level 3, -5/26 HPs)
             Began as a Draconian Fire Elementalist on Apr 28, 2016.
             Slain by Sigmund
             ... wielding a +0 scythe
              (9 damage)
             ... on level 2 of the Dungeon.
             The game lasted 00:02:49 (1076 turns).

warlockg3 the Firebug (Draconian Fire Elementalist) Turns: 1076, Time: 00:02:50

Health: -5/26      AC:  5    Str: 10    XL:     3   Next: 30%
Magic:  4/6        EV: 12    Int: 21    God:
Gold:   73         SH:  0    Dex: 11    Spells: 2 memorised, 3 levels left

rFire  + . .     SeeInvis .     i - +3 spear
rCold  x . .     Gourm    .     (armour unavailable)
rNeg   . . .     Faith    .     (no shield)
rPois  .         Spirit   .     (helmet restricted)
rElec  .         Dismiss  .     (no cloak)
rCorr  .         Reflect  .     (no gloves)
SustAt .         Harm     .     (no boots)
MR     .....                    (no amulet)
Stlth  ++........               (no ring)
                                j - ring of fire

@: brilliant, flying, not resistant to hostile enchantments, unstealthy
A: unfitting armour, cold-blooded, AC +5
a: no special abilities


You were on level 2 of the Dungeon.
You were hungry.

You visited 1 branch of the dungeon, and saw 2 of its levels.

You collected 73 gold pieces.

Inventory:

Hand Weapons
 i - a +3 spear (weapon)
Jewellery
 j - a ring of fire (left hand)
Scrolls
 e - 2 scrolls of remove curse {unknown}
 f - a scroll of fear {unknown}
 g - 3 scrolls of identify {unknown}
 k - a scroll of enchant weapon {unknown}
 m - a scroll of recharging {unknown}
 n - a scroll of fog {unknown}
Books
 a - a book of Flames

   Spells                             Type                      Level
   a - Flame Tongue                   Conjuration/Fire             1
   b - Throw Flame                    Conjuration/Fire             2
   c - Conjure Flame                  Conjuration/Fire             3
   d - Inner Flame                    Hexes/Fire                   3
   e - Sticky Flame                   Conjuration/Fire             4
   f - Fireball                       Conjuration/Fire             5
Comestibles
 b - 2 bread rations
 d - a royal jelly
 l - a beef jerky


   Skills:
 + Level 0.2 Fighting
 + Level 0.2 Polearms
 + Level 2.4 Dodging
 + Level 1.8 Stealth
 + Level 0.6 Unarmed Combat
 + Level 2.2 Spellcasting
 + Level 1.2 Conjurations
 + Level 3.4 Fire Magic


You had 3 spell levels left.
You knew the following spells:

 Your Spells              Type           Power        Failure   Level  Hunger
a - Flame Tongue          Conj/Fire      #####        1%          1    #......
b - Throw Flame           Conj/Fire      #####.       1%          2    ##.....


Dungeon Overview and Level Annotations

Branches:
Dungeon (2/15)

Altars:
Nemelex Xobeh

Annotations:
D:2 Sigmund


Innate Abilities, Weirdness & Mutations

Your plain brown scales are hard (AC +5).
Your body does not fit into most forms of armour.
You are cold-blooded and may be slowed by cold attacks.


Message History

Deactivating autopickup; reactivate with Ctrl-A.
Casting: Throw Flame
Confirm with . or Enter, or press ? or * to list all spells.
You can't see any susceptible monsters within range! (Use Z to cast anyway.) Unknown command.
Casting: Throw Flame
Confirm with . or Enter, or press ? or * to list all spells.
You can't see any susceptible monsters within range! (Use Z to cast anyway.)
Something hits you. Something hits you.
* * * LOW HITPOINT WARNING * * *
Found a sedimented black potion.
Drink which item? (? for menu, Esc to quit)
It was a potion of brilliance.
You feel clever all of a sudden.
Drink which item? (? for menu, Esc to quit)
It was a potion of flight.
You feel very buoyant.
You fly up into the air.
Something hits you!
You die...

# #.# ### .##.# #...
.... ... #>##.# #....#
.. # #. ##...## #.# #
#..###...%.## #.. #
#.......##..# #.. #
#.....@.###.## #.###
#....{..# #..## ##....
#.......####..####.....
#..(....#..†...........
#.........###.#####.##.
#.......## #..###.. #.
#.......# ##.##..###.
#!......# #.##.##...
#..#.##.#.


There were no monsters in sight!

Vanquished Creatures
  3 dart slugs (D:1)
  2 giant geckos (D:1)
  3 bats (D:1)
  A giant cockroach (D:2)
  2 hobgoblins
  4 jackals (D:1)
  A ball python (D:2)
  3 giant newts (D:1)
  4 kobolds
  9 rats
32 creatures vanquished.

Notes
Turn   | Place    | Note
--------------------------------------------------------------
     0 | D:1      | warlockg3 the Draconian Fire Elementalist began the quest for the Orb.
     0 | D:1      | Reached XP level 1. HP: 14/14 MP: 3/3
   444 | D:1      | Reached XP level 2. HP: 20/20 MP: 5/5
   678 | D:1      | Learned a level 2 spell: Throw Flame
   687 | D:1      | Found a sparkling altar of Nemelex Xobeh.
   854 | D:1      | Reached XP level 3. HP: 26/26 MP: 6/6
  1058 | D:2      | Noticed Sigmund
  1076 | D:2      | Slain by Sigmund

Vault maps used:
D:1:      kennysheep_arrival_seaside, nemelex_xobeh_ov_fountains_minmay
D:2:      kennysheep_generic_room_6, uniq_sigmund, uniq_iyjb

Skill      XL: |  1 |
---------------+----+-----
Dodging        | 2 |  2.4
Fighting       | |  0.2
Polearms       | |  0.2
Stealth        | |  1.8
Unarmed Combat | |  0.6
Spellcasting   | |  2.2
Conjurations   | |  1.2
Fire Magic     | |  3.4

Action                   || total
-------------------------++-------
Melee: Unarmed           ||    43
       Tailslap          ||     8
       Spear             ||    77
 Cast: Flame Tongue      ||     3
       Throw Flame       ||     1
  Use: Potion            ||     2
 Stab: Sleeping          ||     1
Armor: Skin              ||    34
Dodge: Dodged            ||    87
